 Dungeon Crawl Stone Soup version 0.21.1-1-g345015f (webtiles) character file.

275 letownia2 the Poker (level 6, -5/44 HPs)
             Began as a Merfolk Skald on Mar 14, 2018.
             Shot with an arrow by a centaur (8 damage)
             ... on level 5 of the Dungeon.
             The game lasted 00:05:20 (957 turns).

letownia2 the Poker (Merfolk Skald)                  Turns: 957, Time: 00:05:20

Health: -5/44      AC:  3    Str: 12    XL:     6   Next: 25%
Magic:  6/9        EV: 12    Int: 13    God:
Gold:   103        SH:  0    Dex: 14    Spells: 0/9 levels left

rFire    . . .     SeeInvis .   a - +0 spear
rCold    . . .     Gourm    .   (no shield)
rNeg     . . .     Faith    .   b - +0 leather armour
rPois    .         Spirit   .   (no helmet)
rElec    .         Reflect  .   (no cloak)
rCorr    .         Harm     .   (no gloves)
MR       .....                  (no boots)
Stlth    +.........             (no amulet)
HPRegen  0.14/turn              (no ring)
MPRegen  0.11/turn              (no ring)

@: hasted, very quick
A: change form in water, swift swim, stealthy swim
a: no special abilities


You were on level 5 of the Dungeon.
You were hungry.

You visited 1 branch of the dungeon, and saw 5 of its levels.

You collected 103 gold pieces.

Inventory:

Hand Weapons
 a - a +0 spear (weapon)
 s - a +0 fustibalus
Armour
 b - a +0 leather armour (worn)
Jewellery
 o - an uncursed amulet of guardian spirit
Scrolls
 e - 6 scrolls of enchant weapon {unknown}
 f - 3 scrolls of identify {unknown}
 j - a scroll of fog {unknown}
 l - a scroll of random uselessness {unknown}
 m - 2 scrolls of teleportation {unknown}
 n - a scroll of blinking {unknown}
Potions
 g - a potion of lignification {unknown}
 h - a potion of haste
 i - a potion of ambrosia {unknown}
 k - a potion of mutation {unknown}
 p - 2 potions of curing {unknown}
Books
 c - a book of Battle

   Spells                             Type                      Level
   a - Infusion                       Charms                       1
   b - Shroud of Golubria             Charms/Translocation         2
   c - Song of Slaying                Charms                       2
   d - Spectral Weapon                Hexes/Charms                 3
   e - Regeneration                   Charms/Necromancy            3
 q - a book of Maledictions

   Spells                             Type                      Level
   a - Corona                         Hexes                        1
   b - Ensorcelled Hibernation        Hexes/Ice                    2
   c - Confuse                        Hexes                        3
   d - Tukima's Dance                 Hexes                        3
   e - Dazzling Spray                 Conjuration/Hexes            3
Comestibles
 d - 5 rations
 r - a chunk of flesh


   Skills:
 - Level 2.1 Fighting
 + Level 5.3 Polearms
 - Level 0.6 Armour
 - Level 2.6 Dodging
 - Level 2.0 Spellcasting
 - Level 3.1 Hexes
 - Level 4.8 Charms
 + Level 0.6 Necromancy
 - Level 1.1 Translocations


You couldn't memorise any spells.
You knew the following spells:

 Your Spells              Type           Power        Failure   Level  Hunger
a - Infusion              Chrm           ##..         4%          1    ##.....
g - Regeneration          Chrm/Necr      #.........   30%         3    ####...
t - Shroud of Golubria    Chrm/Tloc      #.........   14%         2    ###....
x - Spectral Weapon       Hex/Chrm       ##......     19%         3    ####...


Dungeon Overview and Level Annotations

Branches:
Dungeon (5/15)
 Temple: D:4-7

Altars:
Elyvilon

Annotations:
D:4 2 transporters
D:5 Prince Ribbit


Message History

The centaur shouts!
The centaur wields a shortbow.
The centaur shoots an arrow.
The arrow hits you!
* * * LOW HITPOINT WARNING * * *
The phantom hits your spectral weapon.
Your spectral weapon shares its damage with you!
The phantom blinks!
* * * LOW HITPOINT WARNING * * *
Found a runed long sword.
You see here an arrow.
Your shroud unravels.
You swap places.
Your spectral weapon fades away.
The centaur shoots an arrow.
The arrow closely misses you.
The centaur shoots an arrow.
The arrow hits you!
* * * LOW HITPOINT WARNING * * *
You see here 2 arrows.
You are too injured to fight recklessly!
It was a potion of haste.
You feel yourself speed up.
The centaur shoots an arrow.
The arrow hits you!
You die...

.....>.....
......c#.
#......
#..W..#
#.....#
#...(c#####
#.......c.#
#.....###.#
........#
#@#
......####
#.####
......
#....#
......
####.#
......
#.#### ...
#....#
####.# #.#
#.#


You could see a centaur.

Vanquished Creatures
  2 ogres (D:4)
  A hound (D:5)
  A hound skeleton (D:4)
  3 adders
  3 dart slugs
  A leopard gecko (D:2)
  2 giant cockroaches (D:1)
  4 hobgoblins
  2 jackals (D:1)
  4 kobolds
  2 quokkas
  3 bats
  3 rats (D:1)
31 creatures vanquished.

Vanquished Creatures (others)
  A spectral weapon (D:4)
1 creature vanquished.

Grand Total: 32 creatures vanquished

Notes
Turn   | Place    | Note
-------+----------+-------------------------------------------
     0 | D:1      | letownia2 the Merfolk Skald began the quest for the Orb.
     0 | D:1      | Reached XP level 1. HP: 16/16 MP: 3/3
    38 | D:1      | Reached XP level 2. HP: 17/22 MP: 0/5
   110 | D:2      | Learned a level 2 spell: Shroud of Golubria
   188 | D:2      | Reached skill level 1 in Translocations
   188 | D:2      | Reached XP level 3. HP: 21/27 MP: 2/6
   193 | D:2      | Learned a level 3 spell: Spectral Weapon
   473 | D:3      | Reached skill level 1 in Hexes
   555 | D:4      | Found a white marble altar of Elyvilon.
   555 | D:4      | Found a transporter.
   557 | D:4      | Noticed a white ugly thing
   563 | D:4      | Found a transporter.
   598 | D:4      | Reached XP level 4. HP: 23/33 MP: 0/7
   665 | D:4      | Noticed an ogre
   665 | D:4      | Noticed an ogre
   693 | D:4      | Killed an ogre
   693 | D:4      | Reached XP level 5. HP: 38/38 MP: 0/8
   701 | D:4      | Killed an ogre
   701 | D:4      | Reached skill level 5 in Polearms
   701 | D:4      | Reached XP level 6. HP: 9/44 MP: 0/9
   709 | D:4      | Learned a level 3 spell: Regeneration
   767 | D:5      | Entered Level 5 of the Dungeon
   804 | D:5      | Noticed Prince Ribbit
   930 | D:5      | Noticed a phantom
   956 | D:5      | HP: 2/44 [centaur/arrow (11)]
   957 | D:5      | Shot with an arrow by a centaur

Skill      XL: |  1  2  3  4  5 |
---------------+----------------+-----
Charms         | 4 |  4.8
Translocations | 1 |  1.1
Hexes          | 1 3 |  3.1
Polearms       | 5 |  5.3
Fighting       | |  2.1
Armour         | |  0.6
Dodging        | |  2.6
Spellcasting   | |  2.0
Necromancy     | |  0.6

Action                   |  1- 3 |  4- 6 || total
-------------------------+-------+-------++-------
Melee: Spear             |    91 |    46 ||   137
 Cast: Infusion          |    11 |     2 ||    13
       Shroud of Golubri |     2 |     6 ||     8
       Spectral Weapon   |       |     2 ||     2
  Use: Potion            |       |     1 ||     1
  Eat: Chunk             |       |     1 ||     1
Armor: Leather armour    |    18 |     4 ||    22
Dodge: Dodged            |    55 |    23 ||    78
